 Dungeon Crawl Stone Soup version 0.23-a0-650-ga4d50d4 (webtiles) character file.

97837 Lilu the Nimble (level 16, 0/127 HPs)
             Began as a Gnoll Fighter on Jan 5, 2019.
             Was the Champion of the Shining One.
             Killed from afar by a thorn hunter (22 damage)
             ... with a volley of thorns
             ... on level 1 of the Swamp on Jan 6, 2019.
             The game lasted 01:22:05 (23309 turns).

Lilu the Nimble (Gnoll Fighter)                    Turns: 23309, Time: 01:22:06

Health: 0/127      AC: 30    Str: 23    XL:     16   Next: 20%
Magic:  30/30      EV: 14    Int: 11    God:    the Shining One [******]
Gold:   1314       SH: 12    Dex: 17    Spells: 31/35 levels left

rFire    + . .     SeeInvis .   w - +8 frozen axe "Frostbite" {freezing cloud, *Noise +Fly rC+}
rCold    + . .     Gourm    .   (shield currently unavailable)
rNeg     + + +     Faith    .   n - +1 plate armour
rPois    .         Spirit   .   d - +0 helmet
rElec    .         Reflect  +   T - +2 cloak {rF+}
rCorr    .         Harm     .   (no gloves)
MR       ++...                  h - +2 pair of boots {Stlth+}
Stlth    +.........             y - +2 amulet of reflection
HPRegen  0.31/turn              k - ring of protection from magic
MPRegen  0.22/turn              x - +5 ring of protection

@: divine shield, glowing, studying Dodging
A: distributed training, fangs 1, strong nose
a: Divine Shield, Cleansing Flame, Summon Divine Warrior, Brand Weapon With Holy
Wrath, Renounce Religion, Evoke Flight


You were on level 1 of the Swamp.
You worshipped the Shining One.
The Shining One was exalted by your worship.
You were not hungry.

You visited 4 branches of the dungeon, and saw 23 of its levels.
You also visited: Bailey and Volcano.

You collected 1554 gold pieces.
You spent 240 gold pieces at shops.

Inventory:

Hand Weapons
 a - a +5 arbalest of freezing
 o - the +2 short sword "Netuir" {venom, rElec rPois Str+2 Dex+3}
   (You found it on level 4 of the Dungeon)

   It poisons the flesh of those it strikes.
   It affects your strength (+2).
   It affects your dexterity (+3).
   It insulates you from electricity.
   It protects you from poison.
 w - the +8 frozen axe "Frostbite" (weapon) {freezing cloud, *Noise +Fly rC+}
   (You found it on level 4 of the Dungeon)

   It has been specially enchanted to freeze those struck by it, causing extra
   injury to most foes and up to half again as much damage against particularly
   susceptible opponents.
   It can also slow down cold-blooded creatures.
   It protects you from cold.
   It lets you fly.
   It may make noises in combat.
Missiles
 c - 25 bolts
Armour
 d - a +0 helmet (worn)
 h - a +2 pair of boots of stealth (worn)
 n - a +1 plate armour (worn)
 R - a scarf of resistance
 T - a +2 cloak of fire resistance (worn)
Jewellery
 g - an uncursed ring of poison resistance
 k - a ring of protection from magic (left hand)
 x - a +5 ring of protection (right hand)
 y - a +2 amulet of reflection (around neck)
 H - a +3 ring of protection
Wands
 D - a wand of flame (7)
 E - a wand of iceblast (21)
 M - a wand of paralysis (19)
 N - a wand of disintegration (31)
 S - a wand of scattershot (4)
Scrolls
 b - 2 scrolls of amnesia
 i - 5 scrolls of identify
 j - a scroll of enchant weapon
 l - 11 scrolls of remove curse
 m - 12 scrolls of teleportation
 z - 7 scrolls of immolation
 B - 4 scrolls of fear
 O - a scroll of magic mapping
 V - a scroll of silence
 W - 3 scrolls of fog
 X - a scroll of summoning
 Y - a scroll of enchant armour
Potions
 e - 7 potions of heal wounds
 p - 4 potions of berserk rage
 r - 2 potions of agility
 t - 4 potions of magic
 u - 6 potions of curing
 v - 4 potions of resistance
 A - 5 potions of cancellation
 C - a potion of brilliance
 F - 3 potions of flight
 G - 2 potions of mutation
 I - 4 potions of lignification
 K - 3 potions of haste
 U - a potion of might
Books
 s - a manual of Dodging
Miscellaneous
 Z - a phial of floods
Comestibles
 f - 40 rations


   Skills:
 + Level 12.1 Fighting
 + Level 10.4 Short Blades
 + Level 10.4 Long Blades
 + Level 11.3 Axes
 + Level 10.4 Maces & Flails
 + Level 10.4 Polearms
 + Level 10.4 Staves
 + Level 10.4 Slings
 + Level 10.4 Bows
 + Level 10.4 Crossbows
 + Level 10.4 Throwing
 + Level 12.1 Armour
 + Level 12.4 Dodging
 + Level 10.4 Stealth
 + Level 12.1 Shields
 + Level 10.4 Unarmed Combat
 + Level 10.4 Spellcasting
 + Level 8.9 Conjurations
 + Level 8.9 Hexes
 + Level 8.9 Charms
 + Level 8.9 Summonings
 + Level 8.9 Necromancy
 + Level 8.9 Translocations
 + Level 8.9 Transmutations
 + Level 8.9 Fire Magic
 + Level 8.9 Ice Magic
 + Level 8.9 Air Magic
 + Level 8.9 Earth Magic
 + Level 8.9 Poison Magic
 + Level 11.3 Invocations
 + Level 10.4 Evocations


You had 31 spell levels left.
You knew the following spells:

 Your Spells              Type           Power        Failure   Level  Hunger
a - Apportation           Tloc           ####..       3%          1    None
b - Spectral Weapon       Hex/Chrm       ####....     10%         3    ##.....

Your spell library contained the following spells:

 Spells                   Type           Power        Failure   Level  Hunger
 Animate Skeleton         Necr           N/A          3%          1    None
 Confusing Touch          Hex            ####..       3%          1    None
 Corona                   Hex            ####...      3%          1    None
 Freeze                   Ice            ####         3%          1    None
 Pain                     Necr           ####         3%          1    None
 Summon Small Mammal      Summ           ####         3%          1    None
 Call Imp                 Summ           ####....     4%          2    None
 Slow                     Hex            ####....     4%          2    None
 Sublimation of Blood     Necr           ####......   4%          2    None
 Throw Frost              Conj/Ice       ####..       4%          2    None
 Call Canine Familiar     Summ           ####....     10%         3    ##.....
 Ignite Poison            Fire/Tmut/Pois ####....     10%         3    ##.....
 Inner Flame              Hex/Fire       ####....     10%         3    ##.....
 Ozocubu's Armour         Chrm/Ice       ####....     10%         3    ##.....
 Portal Projectile        Hex/Tloc       ####..       10%         3    ##.....
 Regeneration             Chrm/Necr      ####......   10%         3    ##.....
 Summon Guardian Golem    Hex/Summ       ####....     10%         3    ##.....
 Vampiric Draining        Necr           ####......   10%         3    ##.....
 Animate Dead             Necr           N/A          32%         4    ####...
 Cause Fear               Hex            ####......   32%         4    ####...
 Leda's Liquefaction      Hex/Erth       ####......   32%         4    ####...
 Petrify                  Tmut/Erth      ####....     32%         4    ####...
 Summon Ice Beast         Ice/Summ       ####....     32%         4    ####...
 Summon Lightning Spire   Summ/Air       ####....     32%         4    ####...
 Throw Icicle             Conj/Ice       ####....     32%         4    ####...
 Agony                    Necr           ####....     67%         5    #####..
 Alistair's Intoxication  Tmut/Pois      ####....     67%         5    #####..
 Irradiate                Conj/Tmut      ####......   67%         5    #####..
 Silence                  Hex/Air        ####......   67%         5    #####..
 Conjure Ball Lightning   Conj/Air       ####......   99%         6    #######
 Deflect Missiles         Chrm/Air       ####......   99%         6    #######
 Tornado                  Air            ####......   100%        9    #######


Dungeon Overview and Level Annotations

Branches:
Dungeon (15/15)            Temple (1/1) D:6            Lair (6/6) D:10
  Swamp (1/4) Lair:4       Spider (0/4) Lair:4        Slime (0/5) Lair:6
    Orc (0/2) D:11         Vaults (0/5) D:13         Depths (0/5) D:15

Altars:
Ashenzari
Cheibriados
Dithmenos
Elyvilon
Fedhas
Gozag
Hepliaklqana
Kikubaaqudgha
Makhleb
Nemelex Xobeh
Okawaru
Qazlal
Ru
Sif Muna
Trog
Uskayaw
Vehumet
Wu Jian
Xom
Yredelemnul
Zin
The Shining One

Shops:
D:7 =   D:12 (

Annotations:
Lair:3 exclusions: 3 lava snakes, orange crystal statue and 1 more exclusion
Lair:5 exclusion: oklob plant


Innate Abilities, Weirdness & Mutations

Your experience applies equally to all skills.
You have very sharp teeth.
Your uncanny sense of smell can sniff out nearby items.


Message History

You block the bog body's attack. The swamp dragon misses you.
The swamp dragon barely misses you. You block the swamp dragon's attack.
The thorn hunter is engulfed in freezing vapours.
The thorn hunter fires a volley of thorns at you.
The volley of thorns hits you!
* * * LOW HITPOINT WARNING * * *
The bog body points at you and mumbles some strange words.
The bolt of cold misses you.
The briar patch crumbles away. x3
You block the five-headed hydra's attack. x2
The five-headed hydra completely misses you.
The five-headed hydra barely misses you.
The five-headed hydra closely misses you.
The swamp dragon barely misses you.
The swamp dragon claws you but does no damage.
The swamp dragon tramples you but does no damage.
The thorn hunter is engulfed in freezing vapours.
The thorn hunter fires a volley of thorns at you.
The volley of thorns hits you!
You die...

.≈≈.≈♣.≈≈≈≈....♣
.PPPP♣PPPP≈...≈♣
≈PP.PPPPPP≈≈.≈..
.PP?...≈≈≈≈≈≈≈≈.
.PP...≈≈≈≈≈≈≈≈.≈
≈PP≈...≈≈≈≈≈≈≈..
≈PP≈..[†n.≈≈....
≈≈≈!..D@.†≈≈≈.≈≈
≈PP≈.≈wDf≈≈≈...≈
≈PP≈.°≈≈.>≈§..§.
.≈≈≈......≈.....
...°≈≈≈≈.≈≈≈≈≈≈≈
≈≈...≈≈≈≈≈≈≈≈≈≈≈
≈≈≈≈..≈≈≈..≈≈≈≈≈
≈≈≈≈≈.≈♣♣...≈≈≈.


You could see a thorn hunter, a five-headed hydra, a swamp dragon, a bog body
and a swamp worm.

Vanquished Creatures
  Rupert (D:14)
  Kirke (D:12)
  A stone giant (Volcano)
  An ogre mage (D:15)
  A yaktaur captain (D:15)
  Harold (D:11)
  9 hydras
  6 centaur warriors
  7 two-headed ogres
  A catoblepas (Lair:6)
  2 dancing weapons (D:13)
  2 alligators (Swamp:1)
  13 death yaks
  A deep troll shaman (Lair:6)
  3 tengu warriors
  A deep elf knight (Bailey)
  A hell knight (D:15)
  3 unseen horrors
  3 swamp dragons
  Pikel (D:4)
  A lindwurm (Lair:6)
  A deep elf archer (D:15)
  11 deep elf magi
  3 ugly things
  A manticore (D:15)
  2 cyclopes
  16 elephants
  6 black mambas
  5 gargoyles
  A torpor snail (Lair:6)
  2 freezing wraiths
  2 kobold demonologists
  10 spiny frogs
  3 efreet
  2 rime drakes
  6 komodo dragons
  A tengu conjurer (D:9)
  2 meliai (D:14)
  6 polar bears
  4 trolls
  11 slime creatures
  8 blink frogs
  8 hippogriffs
  3 hornets
  Sigmund (D:5)
  3 wyverns
  3 redbacks (Lair:4)
  2 wraiths
  38 yaks
  3 fire bats (Lair:6)
  A fire elemental (Volcano)
  5 basilisks
  5 hogs (D:12)
  4 vampire mosquitoes (Swamp:1)
  7 hungry ghosts
  Menkaure (D:5)
  2 swamp worms
  2 soldier ants (D:10)
  2 wargs (D:11)
  Edmund (D:4)
  17 water moccasins
  4 porcupines
  3 ice beasts (D:9)
  A hornet zombie (D:13)
  7 black bears
  2 slaves (D:4)
  3 ogres
  A necrophage (D:8)
  5 orc warriors
  5 sky beasts
  2 eyes of draining
  20 centaurs
  26 wolves
  10 crocodiles
  4 big kobolds
  10 bullfrogs
  An earth elemental (Volcano)
  A hornet simulacrum (D:9)
  6 killer bees
  5 scorpions
  3 water moccasin skeletons
  16 wights
  3 centaur zombies
  An electric eel (D:9)
  6 crimson imps
  3 bullfrog zombies
  7 jellies
  A quasit (D:7)
  9 hounds
  3 bullfrog skeletons
  10 orc priests
  3 centaur skeletons
  11 worker ants
  6 iguanas
  Ijyb (D:5)
  11 orc wizards
  A centaur simulacrum (D:9)
  A bullfrog simulacrum (D:9)
  3 worker ant zombies
  11 gnolls
  7 adders
  A shadow imp (D:13)
  A white imp (D:9)
  A worker ant simulacrum (D:9)
  An ufetubus (D:9)
  6 oozes (Lair:6)
  An adder skeleton (D:4)
  2 adder zombies
  A worm (D:2)
  4 dart slugs
  6 leopard geckos
  42 orcs
  A ball python (D:1)
  8 bats
  4 giant cockroaches
  10 hobgoblins
  5 jackals
  3 quokkas
  A frilled lizard (D:1)
  6 goblins
  A jackal simulacrum (D:9)
  A jackal zombie (D:8)
  22 kobolds
  A leopard gecko zombie (D:7)
  9 rats
  3 fungi
  5 plants
650 creatures vanquished.

Vanquished Creatures (collateral kills)
  A tengu warrior (D:14)
  An unseen horror (D:14)
  3 ugly things (D:14)
  A meliai (D:14)
  An ice beast (D:14)
  5 centaurs (D:14)
  A hound (D:14)
13 creatures vanquished.

Vanquished Creatures (others)
  A crimson imp (D:5)
  A bush (Lair:6)
  A butterfly (Lair:6)
  5 fungi
  4 plants (Lair:6)
12 creatures vanquished.

Grand Total: 675 creatures vanquished

Notes
Turn   | Place    | Note
-------+----------+-------------------------------------------
     0 | D:1      | Lilu the Gnoll Fighter began the quest for the Orb.
     0 | D:1      | Reached XP level 1. HP: 23/23 MP: 1/1
   136 | D:1      | Reached XP level 2. HP: 29/29 MP: 2/2
   648 | D:1      | Reached XP level 3. HP: 33/35 MP: 3/3
   859 | D:1      | Reached skill level 1 in Invocations
  1139 | D:2      | Reached skill level 1 in Short Blades
  1139 | D:2      | Reached skill level 1 in Long Blades
  1139 | D:2      | Reached skill level 1 in Maces & Flails
  1139 | D:2      | Reached skill level 1 in Polearms
  1139 | D:2      | Reached skill level 1 in Staves
  1139 | D:2      | Reached skill level 1 in Slings
  1139 | D:2      | Reached skill level 1 in Bows
  1139 | D:2      | Reached skill level 1 in Crossbows
  1139 | D:2      | Reached skill level 1 in Throwing
  1139 | D:2      | Reached skill level 1 in Dodging
  1139 | D:2      | Reached skill level 1 in Stealth
  1139 | D:2      | Reached skill level 1 in Unarmed Combat
  1139 | D:2      | Reached skill level 1 in Spellcasting
  1139 | D:2      | Reached skill level 1 in Evocations
  1143 | D:2      | Reached XP level 4. HP: 41/41 MP: 5/5
  1147 | D:2      | Reached skill level 1 in Conjurations
  1147 | D:2      | Reached skill level 1 in Hexes
  1147 | D:2      | Reached skill level 1 in Charms
  1147 | D:2      | Reached skill level 1 in Summonings
  1147 | D:2      | Reached skill level 1 in Necromancy
  1147 | D:2      | Reached skill level 1 in Translocations
  1147 | D:2      | Reached skill level 1 in Transmutations
  1147 | D:2      | Reached skill level 1 in Fire Magic
  1147 | D:2      | Reached skill level 1 in Ice Magic
  1147 | D:2      | Reached skill level 1 in Air Magic
  1147 | D:2      | Reached skill level 1 in Earth Magic
  1147 | D:2      | Reached skill level 1 in Poison Magic
  1156 | D:2      | Reached XP level 5. HP: 19/47 MP: 6/6
  1359 | D:2      | Found a shadowy altar of Dithmenos.
  2351 | D:4      | Found the +8 frozen axe "Frostbite" {freezing cloud, *Noise
                  | +Fly rC+}
  2402 | D:4      | Reached XP level 6. HP: 48/53 MP: 8/8
  2601 | D:4      | Noticed Edmund
  2747 | D:4      | Reached skill level 5 in Axes
  2861 | D:4      | Got an iridescent short sword
  3025 | D:4      | Killed Edmund
  3025 | D:4      | Reached XP level 7. HP: 47/59 MP: 10/10
  3376 | D:5      | Entered Level 5 of the Dungeon
  3403 | D:5      | Noticed Menkaure
  3413 | D:5      | Killed Menkaure
  3439 | D:5      | Noticed Pikel
  3655 | D:4      | Killed Pikel
  3655 | D:4      | Reached XP level 8. HP: 55/67 MP: 10/12
  3898 | D:6      | Found a staircase to the Ecumenical Temple.
  4012 | Temple   | Entered the Ecumenical Temple
  4124 | Temple   | Became a worshipper of the Shining One
  4453 | D:6      | Reached XP level 9. HP: 72/72 MP: 14/14
  5087 | D:5      | Noticed Sigmund
  5106 | D:5      | Killed Sigmund
  5122 | D:5      | Noticed Ijyb
  5134 | D:5      | Killed Ijyb
  5462 | D:7      | You fall through a shaft for 3 floors!
  5462 | D:10     | Entered Level 10 of the Dungeon
  5463 | D:10     | Reached * piety under the Shining One
  5476 | D:10     | Found a staircase to the Lair.
  5476 | D:10     | Noticed an elephant
  5499 | D:10     | Reached skill level 5 in Invocations
  5508 | D:10     | Killed an elephant
  5508 | D:10     | Reached XP level 10. HP: 28/80 MP: 15/17
  5910 | D:8      | Reached skill level 5 in Short Blades
  5910 | D:8      | Reached skill level 5 in Long Blades
  5910 | D:8      | Reached skill level 5 in Maces & Flails
  5910 | D:8      | Reached skill level 5 in Polearms
  5910 | D:8      | Reached skill level 5 in Staves
  5910 | D:8      | Reached skill level 5 in Slings
  5910 | D:8      | Reached skill level 5 in Bows
  5910 | D:8      | Reached skill level 5 in Crossbows
  5910 | D:8      | Reached skill level 5 in Throwing
  5910 | D:8      | Reached skill level 5 in Dodging
  5910 | D:8      | Reached skill level 5 in Stealth
  5910 | D:8      | Reached skill level 5 in Unarmed Combat
  5910 | D:8      | Reached skill level 5 in Spellcasting
  5910 | D:8      | Reached skill level 5 in Evocations
  6144 | D:7      | Reached ** piety under the Shining One
  6220 | D:7      | Found Igof's Jewellery Boutique.
  6242 | D:7      | Bought an uncursed ring of poison resistance for 240 gold
                  | pieces
  6625 | D:7      | HP: 2/82 [orc warrior/+0 trident (9)]
  7055 | D:8      | Noticed a two-headed ogre
  7077 | D:8      | Killed a two-headed ogre
  7272 | D:9      | Reached XP level 11. HP: 43/87 MP: 17/19
  7323 | D:9      | Noticed a two-headed ogre
  7641 | D:9      | Noticed a death yak
  7641 | D:9      | Reached *** piety under the Shining One
  7678 | D:9      | Noticed a death yak
  7695 | D:9      | Killed a death yak
  7695 | D:9      | Reached skill level 5 in Conjurations
  7695 | D:9      | Reached skill level 5 in Hexes
  7695 | D:9      | Reached skill level 5 in Charms
  7695 | D:9      | Reached skill level 5 in Summonings
  7695 | D:9      | Reached skill level 5 in Necromancy
  7695 | D:9      | Reached skill level 5 in Translocations
  7695 | D:9      | Reached skill level 5 in Transmutations
  7695 | D:9      | Reached skill level 5 in Fire Magic
  7695 | D:9      | Reached skill level 5 in Ice Magic
  7695 | D:9      | Reached skill level 5 in Air Magic
  7695 | D:9      | Reached skill level 5 in Earth Magic
  7695 | D:9      | Reached skill level 5 in Poison Magic
  7940 | D:9      | Identified the cursed +2 short sword "Netuir" {venom, rElec
                  | rPois Str+2 Dex+3} (You found it on level 4 of the Dungeon)
  7949 | D:9      | Noticed a two-headed ogre
  7959 | D:9      | Killed a two-headed ogre
  8124 | D:9      | Noticed a tengu warrior
  8185 | D:9      | Killed a death yak
  8651 | D:9      | Killed a tengu warrior
  8705 | D:9      | Killed a two-headed ogre
  8784 | D:9      | Noticed a two-headed ogre
  8811 | D:9      | Killed a two-headed ogre
  9056 | D:9      | Noticed a death yak
  9081 | D:9      | Killed a death yak
  9081 | D:9      | Reached XP level 12. HP: 55/96 MP: 20/22
  9347 | D:10     | Got a crude granite ring
  9378 | D:10     | Identified the ring "Eqyownum" {Ice Int+4} (You found it on
                  | level 10 of the Dungeon)
 10025 | D:11     | Reached **** piety under the Shining One
 10133 | D:11     | Found a staircase to the Orcish Mines.
 10596 | D:11     | Noticed a two-headed ogre
 10600 | D:11     | Noticed Harold
 10612 | D:11     | Killed a two-headed ogre
 10629 | D:11     | Killed Harold
 11059 | Lair:1   | Entered Level 1 of the Lair of Beasts
 11116 | Lair:1   | Found a transporter.
 11210 | Lair:1   | Found a transporter.
 11227 | Lair:1   | Reached skill level 10 in Fighting
 11227 | Lair:1   | Reached skill level 10 in Armour
 11227 | Lair:1   | Reached skill level 10 in Shields
 12204 | Lair:2   | Reached XP level 13. HP: 102/103 MP: 24/24
 12987 | Lair:2   | Learned a level 1 spell: Apportation
 13454 | Lair:3   | Identified a scroll of acquirement
 14911 | Lair:4   | Found a hole to the Spider Nest.
 15186 | Lair:4   | Found a staircase to the Swamp.
 16050 | Lair:4   | Reached XP level 14. HP: 52/111 MP: 26/26
 16850 | Lair:6   | Entered Level 6 of the Lair of Beasts
 16858 | Lair:6   | Reached skill level 10 in Axes
 16964 | Lair:6   | Reached skill level 10 in Dodging
 16986 | Lair:6   | Reached ***** piety under the Shining One
 16996 | Lair:6   | Found a dark tunnel.
 17051 | Volcano  | Entered a volcano
 17348 | Volcano  | Noticed a stone giant
 17359 | Volcano  | Killed a stone giant
 17726 | Lair:6   | Reached skill level 10 in Invocations
 17922 | Lair:6   | Found a staircase to the Slime Pits.
 18277 | Lair:6   | Identified the Reference Book on Evil Protection
 18683 | D:12     | Reached XP level 15. HP: 119/119 MP: 28/28
 18732 | D:12     | Found Siyromer's Weapon Boutique.
 18763 | D:12     | Found a shimmering altar of Xom.
 18763 | D:12     | Found a shimmering altar of Xom.
 18812 | D:12     | Learned a level 3 spell: Spectral Weapon
 18863 | D:12     | Noticed Kirke
 18872 | D:12     | Killed Kirke
 19031 | D:12     | Found a shimmering altar of Xom.
 19034 | D:12     | Found a shimmering altar of Xom.
 19038 | D:12     | Found a shimmering altar of Xom.
 19038 | D:12     | Found a shimmering altar of Xom.
 19672 | D:13     | Found a gate to the Vaults.
 19725 | D:13     | Found a flagged portal.
 19734 | Bailey   | Entered a bailey
 19913 | Bailey   | Reached ****** piety under the Shining One
 20900 | D:14     | Reached skill level 10 in Short Blades
 20900 | D:14     | Reached skill level 10 in Long Blades
 20900 | D:14     | Reached skill level 10 in Maces & Flails
 20900 | D:14     | Reached skill level 10 in Polearms
 20900 | D:14     | Reached skill level 10 in Staves
 20900 | D:14     | Reached skill level 10 in Slings
 20900 | D:14     | Reached skill level 10 in Bows
 20900 | D:14     | Reached skill level 10 in Crossbows
 20900 | D:14     | Reached skill level 10 in Throwing
 20900 | D:14     | Reached skill level 10 in Stealth
 20900 | D:14     | Reached skill level 10 in Unarmed Combat
 20900 | D:14     | Reached skill level 10 in Spellcasting
 20900 | D:14     | Reached skill level 10 in Evocations
 20975 | D:14     | Noticed Rupert
 20996 | D:14     | Killed Rupert
 21680 | D:15     | Entered Level 15 of the Dungeon
 21768 | D:15     | Found a staircase to the Depths.
 21784 | D:15     | Paralysed by an ogre mage for 6 turns
 21791 | D:15     | Reached XP level 16. HP: 42/127 MP: 30/30
 23292 | Swamp:1  | Entered Level 1 of the Swamp
 23300 | Swamp:1  | Noticed a thorn hunter
 23309 | Swamp:1  | Killed from afar by a thorn hunter

Vault maps used:
D:1:      dpeg_arrival_solitude
D:2:      grunt_dithmenos_smoke_and_mirrors, first_ration
D:4:      corexii_hall_statues_deadend, uniq_edmund
D:5:      kennysheep_generic_room_14, uniq_ijyb, uniq_sigmund, uniq_pikel,
          uniq_menkaure
D:6:      minmay_temple_entry_statues
D:7:      serial_shops, shop, minmay_holes
D:8:      minmay_diced_spiral
D:9:      serial_ice, serial_ice_l, serial_ice_b, serial_ice_o, serial_ice_c,
          serial_ice_e, serial_ice_a, serial_ice_h, serial_ice_d,
          kennysheep_generic_room_15
D:10:     david_lair_generic, hangedman_pestilent_swarm,
          ebering_dispersal_statue_hall
D:11:     erik_orc_4, uniq_harold
D:12:     serial_shops, nicolae_shop_waterfront, xom_redecorated, uniq_kirke
D:13:     erik_vaults_1, enter_bailey_1
D:14:     uniq_rupert
D:15:     hangedman_depths_entry_civil_slaughter, minmay_misc_feat_tiny
Temple:   compressed_dpeg_circular_temple
Lair:1:   gammafunk_cloud_chamber, grunt_megastairs_5
Lair:2:   serial_forest, infiniplex_forest_lined_corner,
          infiniplex_forest_end_1, infiniplex_forest_lined_2,
          infiniplex_forest_end_2, infiniplex_forest_end_3, minivault_27,
          cheibrodos_lair_caveside_slide, chequers_serial_rivers_room_a,
          lemuel_fruit_tree
Lair:3:   beast_lair_carwin_large_3, disabler_island, lemuel_fruit_fields
Lair:4:   palyth_hydra_swamp_entry, spider_nest_entry_webs, beast_lair_carwin_11
Lair:6:   grunt_lair_end_beastmaster, nicolae_slime_entry_slimehenge,
          nicolae_volcano_entry_batcave, lemuel_fruit_fields
Swamp:1:  evilmike_swamp_ruin_house_4, swamp_pool1,
          cheibrodos_swamp_pet_leeches, uniq_josephine, uniq_nikola
Bailey:   bailey_polearm_3, bailey
Volcano:  volcano_pools

Skill      XL: |  1  2  3  4  5  6  7  8  9 10 11 12 13 14 15 |
---------------+----------------------------------------------+-----
Invocations    | 1 2 3 4 5 6 7 8 9 10 11 | 11.3
Short Blades   | 1 2 3 4 5 6 7 8 9 10 | 10.4
Long Blades    | 1 2 3 4 5 6 7 8 9 10 | 10.4
Maces & Flails | 1 2 3 4 5 6 7 8 9 10 | 10.4
Polearms       | 1 2 3 4 5 6 7 8 9 10 | 10.4
Staves         | 1 2 3 4 5 6 7 8 9 10 | 10.4
Slings         | 1 2 3 4 5 6 7 8 9 10 | 10.4
Bows           | 1 2 3 4 5 6 7 8 9 10 | 10.4
Crossbows      | 1 2 3 4 5 6 7 8 9 10 | 10.4
Throwing       | 1 2 3 4 5 6 7 8 9 10 | 10.4
Dodging        | 1 2 3 4 5 6 7 9 10 12 | 12.4
Stealth        | 1 2 3 4 5 6 7 8 9 10 | 10.4
Unarmed Combat | 1 2 3 4 5 6 7 8 9 10 | 10.4
Spellcasting   | 1 2 3 4 5 6 7 8 9 10 | 10.4
Evocations     | 1 2 3 4 5 6 7 8 9 10 | 10.4
Conjurations   | 1 2 3 4 5 6 7 8 |  8.9
Hexes          | 1 2 3 4 5 6 7 8 |  8.9
Charms         | 1 2 3 4 5 6 7 8 |  8.9
Summonings     | 1 2 3 4 5 6 7 8 |  8.9
Necromancy     | 1 2 3 4 5 6 7 8 |  8.9
Translocations | 1 2 3 4 5 6 7 8 |  8.9
Transmutations | 1 2 3 4 5 6 7 8 |  8.9
Fire Magic     | 1 2 3 4 5 6 7 8 |  8.9
Ice Magic      | 1 2 3 4 5 6 7 8 |  8.9
Air Magic      | 1 2 3 4 5 6 7 8 |  8.9
Earth Magic    | 1 2 3 4 5 6 7 8 |  8.9
Poison Magic   | 1 2 3 4 5 6 7 8 |  8.9
Axes           | 5 6 7 8 9 10 11 | 11.3
Fighting       | 7 8 9 10 11 12 | 12.1
Armour         | 7 8 9 10 11 12 | 12.1
Shields        | 7 8 9 10 11 12 | 12.1

Action                   |  1- 3 |  4- 6 |  7- 9 | 10-12 | 13-15 | 16-18 || total
-------------------------+-------+-------+-------+-------+-------+-------++-------
Melee: War axe           |    84 |   103 |   296 |   747 |   509 |       ||  1739
       Bite              |     7 |     9 |    52 |   125 |   130 |     7 ||   330
       Short sword       |       |       |       |     4 |       |       ||     4
       Executioner's axe |       |       |       |       |   325 |    46 ||   371
       Punch             |       |       |       |       |     1 |       ||     1
 Fire: Arbalest          |       |       |       |       |     2 |       ||     2
Invok: Divine Shield     |       |       |       |     9 |     7 |     4 ||    20
       Summon Divine War |       |       |       |       |     1 |       ||     1
  Use: Scroll            |       |     8 |     2 |    15 |    11 |     5 ||    41
       Potion            |       |       |     3 |     4 |     1 |       ||     8
 Stab: Sleeping          |     3 |       |       |       |       |       ||     3
  Eat: Chunk             |     1 |     5 |     6 |    23 |    23 |     2 ||    60
       Ration            |       |       |     1 |     2 |     3 |     1 ||     7
Armor: Scale mail        |    43 |    37 |       |     9 |       |       ||    89
       Plate armour      |       |    16 |   207 |   326 |   677 |    68 ||  1294
Dodge: Dodged            |    16 |    24 |    96 |   243 |   554 |    75 ||  1008
Block: Shield            |    54 |    70 |   279 |   702 |   541 |       ||  1646
       Reflection        |       |       |     5 |    13 |     9 |     5 ||    32
       Other             |       |       |       |       |    48 |    42 ||    90

Table legend:
 A = Non-vault XP
 B = Vault XP
 C = Vault XP percentage of total XP
 D = Non-vault monster count
 E = Vault monster count
 F = Vault count percentage of total count
                 A         B        C        D         E       F
            +---------+---------+-------+---------+---------+-------
      Total |   91127 |   48641 |  34.8 |     515 |     139 |  21.3
            +---------+---------+-------+---------+---------+-------
        D:1 |      59 |       0 |   0.0 |      32 |       0 |   0.0
        D:2 |     131 |       0 |   0.0 |      18 |       0 |   0.0
        D:3 |      43 |       0 |   0.0 |      12 |       0 |   0.0
        D:4 |     295 |     808 |  73.3 |      10 |       2 |  16.7
        D:5 |     749 |     465 |  38.3 |      20 |       4 |  16.7
        D:6 |     554 |       0 |   0.0 |      15 |       0 |   0.0
        D:7 |    1230 |       0 |   0.0 |      28 |       0 |   0.0
        D:8 |    1980 |     441 |  18.2 |      22 |       5 |  18.5
        D:9 |    5991 |    4058 |  40.4 |      33 |      18 |  35.3
       D:10 |    2086 |    1662 |  44.3 |      22 |       8 |  26.7
       D:11 |    4615 |    1547 |  25.1 |      41 |      17 |  29.3
       D:12 |    2705 |    3236 |  54.5 |      21 |       6 |  22.2
       D:13 |    6808 |    1808 |  21.0 |      24 |       2 |   7.7
       D:14 |   13318 |    2767 |  17.2 |      50 |       1 |   2.0
       D:15 |    6890 |    5260 |  43.3 |      21 |       6 |  22.2
     Temple |      43 |       0 |   0.0 |       1 |       0 |   0.0
     Lair:1 |    1095 |    3304 |  75.1 |       6 |       8 |  57.1
     Lair:2 |    6087 |       0 |   0.0 |      25 |       0 |   0.0
     Lair:3 |    3271 |    1823 |  35.8 |      14 |       9 |  39.1
     Lair:4 |    5975 |    3890 |  39.4 |      19 |      11 |  36.7
     Lair:5 |    7083 |       0 |   0.0 |      14 |       0 |   0.0
     Lair:6 |   15347 |    8340 |  35.2 |      53 |      25 |  32.1
    Swamp:1 |    4772 |       0 |   0.0 |      14 |       0 |   0.0
     Bailey |       0 |    5915 | 100.0 |       0 |      10 | 100.0
    Volcano |       0 |    3317 | 100.0 |       0 |       7 | 100.0
            +---------+---------+-------+---------+---------+-------
